 Dungeon Crawl Stone Soup version 0.26-a0-180-ge96aa7da28 (webtiles) character file.

Game seed: 3268188290362442097

3745 Flugslaktarn the Frost Mage (level 10, -1/53 HPs)
             Began as a Vine Stalker Ice Elementalist on July 3, 2020.
             Was a Priest of Cheibriados.
             Slain by a centaur warrior (3 damage)
             ... on level 11 of the Dungeon.
             The game lasted 00:14:36 (2431 turns).

Flugslaktarn the Frost Mage (VSIE)                  Turns: 2431, Time: 00:14:36

Health: -1/53      AC: 17    Str: 19    XL:     10   Next: 15%
Magic:  0/18       EV: 17    Int: 26    God:    Cheibriados [***...]
Gold:   201        SH:  0    Dex: 23    Spells: 11/19 levels left

rFire    . . .     SeeInvis .   a - +5 quarterstaff (protect)
rCold    . . .     Faith    .   (shield currently unavailable)
rNeg     . . .     Spirit   +   u - +2 leather armour {MR+}
rPois    .         Reflect  .   v - +0 helmet
rElec    .         Harm     .   e - +1 cloak
rCorr    .                      i - +0 pair of gloves
MR       ++...                  r - +0 pair of boots
Stlth    ++........             (no amulet)
HPRegen  0.57/turn              (no ring)
MPRegen  0.16/turn              (no ring)

@: protection aura, frozen ramparts, very slow
A: fangs 3, regeneration 1, magic shield, antimagic bite, no potion heal 3, rot
immunity
a: Bend Time, Temporal Distortion, Renounce Religion


You were on level 11 of the Dungeon.
You worshipped Cheibriados.
Cheibriados was most pleased with you.
You were not hungry.

You visited 2 branches of the dungeon, and saw 13 of its levels.

You collected 227 gold pieces.
You spent 26 gold pieces at shops.

Inventory:

Hand Weapons
 a - a +5 quarterstaff of protection (weapon)
   (You took it off Joseph on level 8 of the Dungeon)
 d - a +0 short sword
   (You found it on level 1 of the Dungeon)
 j - a +2 mace of protection
   (You found it on level 2 of the Dungeon)
 m - a +0 dire flail of holy wrath
   (You took it off Edmund on level 5 of the Dungeon)
 s - a +1 whip of electrocution
   (You took it off a gnoll on level 5 of the Dungeon)
 t - a +2 vampiric spear
   (You took it off a gnoll sergeant on level 5 of the Dungeon)
 y - a +2 vorpal flail
   (You took it off an orc priest on level 6 of the Dungeon)
 z - a +0 bardiche
   (You found it on level 7 of the Dungeon)
 G - a cursed -2 long sword
   (You found it on level 9 of the Dungeon)
Missiles
 b - 99 arrows
 x - 4 boomerangs of dispersal (quivered)
 A - 2 silver boomerangs
 B - 5 boomerangs
Armour
 e - a +1 cloak (worn)
   (You found it on level 1 of the Dungeon)
 i - a +0 pair of gloves (worn)
   (You found it on level 2 of the Dungeon)
 r - a +0 pair of boots (worn)
   (You found it on level 6 of the Dungeon)
 u - a +2 leather armour of magic resistance (worn)
   (You found it on level 6 of the Dungeon)
 v - a +0 helmet (worn)
   (You found it on level 6 of the Dungeon)
 w - a +0 kite shield
   (You found it on level 8 of the Dungeon)
Jewellery
 q - an uncursed ring of teleportation
   (You found it on level 6 of the Dungeon)
Wands
 p - a wand of polymorph (15)
   (You found it on level 5 of the Dungeon)
Scrolls
 h - a scroll of magic mapping
 l - a scroll of amnesia
 n - a scroll of fear {unknown}
 o - a scroll of enchant armour {unknown}
 E - 2 scrolls of identify
Potions
 f - a potion of stabbing
 g - 3 potions of haste
 k - a potion of flight {unknown}
 C - a potion of heal wounds {unknown}
 D - 2 potions of degeneration
 F - a potion of invisibility {unknown}
Comestibles
 c - 7 rations


   Skills:
 - Level 6.0 Fighting
 - Level 6.0 Dodging
 - Level 2.4 Stealth
 - Level 5.0 Spellcasting
 - Level 3.0 Summonings
 - Level 9.0 Ice Magic
 + Level 3.8 Invocations
 - Level 0.3 Evocations


You had 11 spell levels left.
You knew the following spells:

 Your Spells              Type           Power        Failure   Level  Hunger
a - Freeze                Ice            ####         1%          1    None
b - Frozen Ramparts       Ice            ######       1%          3    #......
d - Summon Ice Beast      Ice/Summ       #####...     8%          4    ###....

Your spell library contained the following spells:

 Spells                   Type           Power        Failure   Level  Hunger
 Ozocubu's Armour         Chrm/Ice       ####....     4%          3    #......
 Foxfire                  Conj/Fire      #...         9%          1    None
 Hailstorm                Conj/Ice       ####....     14%         4    ###....
 Conjure Flame            Conj/Fire      #.......     26%         3    #......
 Inner Flame              Hex/Fire       #.......     26%         3    #......
 Sticky Flame             Conj/Fire      #.......     65%         4    ###....
 Fireball                 Conj/Fire      #.........   94%         5    #####..


Dungeon Overview and Level Annotations

Branches:
Dungeon (12/15)            Temple (1/1) D:4
   Lair: D:8-11         Orc: D:9-12

Altars:
Cheibriados
Fedhas
Makhleb
Okawaru
Ru
Sif Muna
Trog
Vehumet
Wu Jian
Xom
Zin
The Shining One

Shops:
D:6 [[*=


Innate Abilities, Weirdness & Mutations

You have razor-sharp teeth.
Your natural rate of healing is unusually fast.
When hurt, damage is shared between your health and your magic reserves.
Your bite disrupts and absorbs the magic of your enemies.
Potions cannot restore your health.
You are immune to rotting.


Message History

An orc warrior comes into view. It is wielding a +0 short sword.
The orc warrior moves out of view.
Found an escape hatch in the ceiling.
You now have 201 gold pieces (gained 9).
A centaur and a centaur warrior come into view.
The centaur shouts!
The centaur warrior shouts!
The centaur wields a +0 shortbow.
The centaur shoots an arrow.
The arrow closely misses you.
The centaur shoots an arrow.
The arrow hits you.
* * * LOW HITPOINT WARNING * * *
The centaur warrior moves out of view.
A centaur comes into view.
You see here 2 arrows.
The centaur moves out of view.
Unknown command.
You hit the centaur warrior.
Your weapon exudes an aura of protection.
You bite the centaur warrior! You drain its power.
You feel invigorated.
The centaur warrior is moderately wounded.
The frozen ramparts melt away.
The centaur warrior hits you.
* * * LOW HITPOINT WARNING * * *
You hit the centaur warrior.
You bite the centaur warrior, but do no damage.
The centaur warrior is moderately wounded.
The centaur shoots an arrow.
The arrow misses you. The centaur warrior hits you!
* * * LOW HITPOINT WARNING * * *
A centaur comes into view.
The centaur warrior closely misses you.
The centaur shoots an arrow.
The arrow hits you!
* * * LOW HITPOINT WARNING * * *
The centaur moves out of view.
You hear a shout!
Evoke which item? (* to show all) (? for menu, Esc to quit)
Okay, then.
Okay, then.
Casting: Frozen Ramparts (safe; 1% risk of failure)
Confirm with . or Enter, or press ? or * to list all spells.
The walls around you are covered in ice.
The wall freezes the centaur warrior.
The centaur warrior hits you but does no damage.
The wall freezes the centaur!
The centaur shoots an arrow.
The arrow hits you!
* * * LOW HITPOINT WARNING * * *
The wall freezes the centaur warrior.
The centaur warrior closely misses you.
The wall freezes the centaur.
The centaur shoots an arrow.
The arrow hits you but does no damage.
You hear a shout!
You closely miss the centaur warrior.
The centaur warrior is heavily wounded.
The wall freezes the centaur warrior!
The centaur warrior hits you.
You die...

...## ##...
⌠...###...⌠ .........
.# ....<... .# .
#..... c# .. ##.⌠.##
c###... ###....%###
...!...
##...)>....###<......
#......).....@#.......
+.⌠...###...⌠c(c......
#...## ###...#.......
##. ##.##....... ..
................. .
.................
###+#+##########.


You could see a centaur warrior and a centaur.

Vanquished Creatures
  A komodo dragon (D:11)
  A human (D:8)
  A wyvern (D:11)
  A hungry ghost (D:9)
  Edmund (D:5)
  An orc warrior (D:8)
  A sky beast (D:7)
  3 ogres
  2 centaurs
  A big kobold (D:12)
  A bullfrog (D:6)
  A gnoll sergeant (D:5)
  A wyvern skeleton (D:7)
  A scorpion (D:6)
  A water moccasin skeleton (D:8)
  2 howler monkeys
  3 jellies
  An orc wizard (D:4)
  5 hounds
  6 orc priests
  7 worker ants
  2 iguanas
  3 hound skeletons
  2 worker ant zombies
  7 gnolls
  7 adders
  2 white imps
  An ufetubus (D:6)
  An adder zombie (D:6)
  An ooze (D:4)
  An adder skeleton (D:6)
  2 dart slugs
  A worm (D:6)
  2 leopard geckos
  20 orcs
  4 giant cockroaches
  4 goblins
  A hobgoblin (D:2)
  7 jackals (D:5)
  A quokka (D:5)
  2 ball pythons
  4 bats
  3 frilled lizards
  7 kobolds
  A quokka zombie (D:9)
  A rat (D:2)
129 creatures vanquished.

Vanquished Creatures (collateral kills)
  A two-headed ogre (D:8)
  Joseph (D:8)
  Prince Ribbit (D:5)
  An orc warrior (D:11)
  A black bear (D:9)
  A bullfrog (D:7)
  2 howler monkeys (D:9)
  A centaur zombie (D:9)
  An orc wizard (D:8)
  4 gnolls
  2 orcs
16 creatures vanquished.

Grand Total: 145 creatures vanquished

Notes
Turn   | Place    | Note
-------+----------+-------------------------------------------
     0 | D:1      | Flugslaktarn the Vine Stalker Ice Elementalist began the
                  | quest for the Orb.
     0 | D:1      | Reached XP level 1. HP: 9/9 MP: 4/4
   177 | D:2      | Reached XP level 2. HP: 7/13 MP: 3/6
   290 | D:2      | Reached XP level 3. HP: 6/16 MP: 6/8
   477 | D:3      | Learned a level 3 spell: Frozen Ramparts
   590 | D:2      | You fall into a shaft and drop 2 floors!
   590 | D:4      | Found a radiant altar of Vehumet.
   590 | D:4      | Found an ornate altar of the Wu Jian Council.
   604 | D:4      | Reached skill level 5 in Ice Magic
   604 | D:4      | Gained mutation: Your natural rate of healing is unusually
                  | fast. [Vine Stalker growth]
   604 | D:4      | Reached XP level 4. HP: 8/21 MP: 1/9
   607 | D:4      | Noticed an ogre
   668 | D:4      | Killed an ogre
   668 | D:4      | Reached XP level 5. HP: 24/24 MP: 0/11
   753 | D:4      | Reached skill level 6 in Ice Magic
   753 | D:4      | Reached XP level 6. HP: 28/28 MP: 8/12
   856 | D:3      | Reached skill level 7 in Ice Magic
   992 | D:4      | HP: 1/28 [orc priest/+0 flail (6)]
   993 | D:4      | Reached XP level 7. HP: 1/32 MP: 0/14
  1022 | D:5      | Entered Level 5 of the Dungeon
  1034 | D:5      | Noticed Edmund
  1066 | D:5      | Killed Edmund
  1066 | D:5      | Reached skill level 8 in Ice Magic
  1072 | D:5      | Learned a level 4 spell: Summon Ice Beast
  1196 | D:4      | Found a staircase to the Ecumenical Temple.
  1203 | Temple   | Entered the Ecumenical Temple
  1227 | Temple   | Became a worshipper of Cheibriados the Contemplative
  1279 | D:5      | Reached skill level 1 in Fighting
  1279 | D:5      | Reached skill level 1 in Summonings
  1361 | D:6      | Gained mutation: You have razor-sharp teeth. [Vine Stalker
                  | growth]
  1361 | D:6      | Reached XP level 8. HP: 37/37 MP: 8/15
  1363 | D:6      | Found Esecein's Jewellery Emporium.
  1434 | D:5      | Noticed Prince Ribbit
  1448 | D:5      | Killed Prince Ribbit
  1458 | D:5      | Reached * piety under Cheibriados
  1516 | D:6      | Found a glowing golden altar of the Shining One.
  1533 | D:6      | Found a shimmering altar of Xom.
  1548 | D:6      | Found Ucasenn's Armour Boutique.
  1618 | D:6      | Reached skill level 5 in Spellcasting
  1619 | D:6      | Found Muwnuw's Assorted Antiques.
  1629 | D:6      | Bought a scroll labeled ELOISS HIENIN for 26 gold pieces
  1632 | D:6      | Found Peudwio's Armour Boutique.
  1698 | D:6      | Found a burning altar of Makhleb.
  1784 | D:7      | Reached ** piety under Cheibriados
  1869 | D:7      | Reached XP level 9. HP: 44/44 MP: 7/17
  1893 | D:7      | Reached skill level 9 in Ice Magic
  2001 | D:8      | Noticed Joseph
  2020 | D:8      | Killed Joseph
  2180 | D:8      | Noticed a two-headed ogre
  2189 | D:8      | Killed a two-headed ogre
  2189 | D:8      | Reached skill level 5 in Fighting
  2189 | D:8      | Reached skill level 5 in Dodging
  2192 | D:8      | Reached *** piety under Cheibriados
  2315 | D:10     | Entered Level 10 of the Dungeon
  2386 | D:9      | You fall into a shaft and drop 3 floors!
  2404 | D:11     | Noticed a komodo dragon
  2408 | D:11     | Reached XP level 10. HP: 18/53 MP: 3/18
  2425 | D:11     | Noticed a centaur warrior
  2430 | D:11     | HP: 1/53 [centaur/arrow[a centaur warrior] (10)]
  2431 | D:11     | Slain by a centaur warrior

Illustrated notes

Levels and vault maps discovered:
D:1:      roderic_dead_forest, layout_basic
D:2:      layout_basic
D:3:      layout_loops_corners, uniq_robin
D:4:      layout_basic, grunt_temple_overflow_open,
          minmay_temple_entry_enclosed_plants, first_ration
D:5:      layout_rooms, uniq_prince_ribbit1, uniq_edmund
D:6:      layout_loops_ring, nicolae_overflow_hidden_temple,
          makhleb_heckhound_becter, serial_shops, shop, nicolae_shop_crystal,
          shop, nicolae_shop_statue_plus, shop, tso_altar
D:7:      layout_loops_corners
D:8:      layout_basic, grunt_pizzeria, minmay_sticks_and_stones
D:9:      layout_roguey, orc_0_dummy, basic_altar
D:10:     layout_roguey, basic_altar, enter_trove_1, minmay_liquid_box,
          minmay_another_anthill, uniq_gastronok
D:11:     layout_irregular_city, lair_entry_dummy, serial_shops, bzr_firewalk,
          gauntlet_entry_generic, minivault_27, columned_hall_lemuel,
          grunt_ministairs_13, kennysheep_generic_room_2
D:12:     layout_roguey, hangedman_decor_growths, uniq_snorg, uniq_nergalle,
          uniq_fannar
Temple:   nicolae_temple_elliptical

Skill      XL: |  1  2  3  4  5  6  7  8  9 10 |
---------------+-------------------------------+-----
Spellcasting   | 3 4 5 |  5.0
Ice Magic      | 5 6 7 8 9 |  9.0
Fighting       | 1 3 6 |  6.0
Dodging        | 2 3 6 |  6.0
Summonings     | 1 3 |  3.0
Invocations    | 3 |  3.8
Stealth        | |  2.4
Evocations     | |  0.3

Action                   |  1- 3 |  4- 6 |  7- 9 | 10-12 || total
-------------------------+-------+-------+-------+-------++-------
Melee: Short sword       |    22 |       |       |       ||    22
       Mace              |    13 |    29 |    25 |       ||    67
       Bite              |     4 |     3 |    49 |     7 ||    63
       Dire flail        |       |       |    17 |       ||    17
       Whip              |       |       |    57 |       ||    57
       Quarterstaff      |       |       |    40 |    11 ||    51
 Cast: Freeze            |    28 |     5 |     9 |       ||    42
       Frozen Ramparts   |     1 |     8 |    32 |     2 ||    43
       Summon Ice Beast  |       |       |    15 |       ||    15
Evoke: Wand              |       |       |     1 |     1 ||     2
  Use: Scroll            |       |     4 |     2 |     1 ||     7
       Potion            |       |       |     1 |       ||     1
 Stab: Sleeping          |       |       |     3 |       ||     3
       Distracted        |       |       |     1 |       ||     1
  Eat: Ration            |       |     1 |     2 |       ||     3
Armor: Robe              |    17 |    15 |    44 |       ||    76
       Leather armour    |       |       |    37 |     7 ||    44
Dodge: Dodged            |    43 |    33 |   217 |    10 ||   303

Table legend:
 A = Non-vault XP
 B = Vault XP
 C = Vault XP percentage of total XP
 D = Non-vault monster count
 E = Vault monster count
 F = Vault count percentage of total count
                 A         B        C        D         E       F
            +---------+---------+-------+---------+---------+-------
      Total |    3951 |    1400 |  26.2 |     136 |       9 |   6.2
            +---------+---------+-------+---------+---------+-------
        D:1 |       9 |       0 |   0.0 |       6 |       0 |   0.0
        D:2 |      59 |       0 |   0.0 |      13 |       0 |   0.0
        D:3 |      24 |       0 |   0.0 |       7 |       0 |   0.0
        D:4 |     674 |       0 |   0.0 |      23 |       0 |   0.0
        D:5 |     390 |     348 |  47.2 |      23 |       2 |   8.0
        D:6 |     636 |      43 |   6.3 |      16 |       1 |   5.9
        D:7 |     416 |       0 |   0.0 |      13 |       0 |   0.0
        D:8 |     920 |     519 |  36.1 |      20 |       2 |   9.1
        D:9 |     393 |       0 |   0.0 |       8 |       0 |   0.0
       D:10 |     112 |       0 |   0.0 |       1 |       0 |   0.0
       D:11 |     217 |     490 |  69.3 |       2 |       4 |  66.7
       D:12 |     101 |       0 |   0.0 |       4 |       0 |   0.0
            +---------+---------+-------+---------+---------+-------
